Panthers vs Penguins (R1)

Created - March 15, 2021 at 19:17

Goals
1 2 3 OT1 SO T
Panthers 0 0 4 0 2 5
Penguins 1 1 2 0 0 4
Shots
1 2 3 OT1 SO T
Panthers 7 8 11 2 2 28
Penguins 9 8 8 0 2 25

1st period

1. Penguins , Gilbert Brule 31 (Shea Weber 21, Jeff Skinner 20) at 10:39 (PP)

Penalties :
Daniel Carcillo (Pit) for Hooking (Minor) at 0:55, Tomas Kopecky (Flo) for Holding (Minor) at 7:25, Drew Stafford (Flo) for Hooking (Minor) at 10:31, Jeff Schultz (Pit) for Hooking (Minor) at 12:38, Marcus Foligno (Pit) for Kneeing (Minor) at 16:56

2nd period

2. Penguins , Nikita Kucherov 23 (Steven Stamkos 45, Andrew Cogliano 39) at 19:17

Penalties :
Andrew Cogliano (Pit) for High sticking (Minor) at 3:15, David Booth (Flo) for Holding (Minor) at 9:23, Daniel Carcillo (Pit) for Hooking (Minor) at 12:04, Kyle Wellwood (Flo) for Hooking (Minor) at 16:20

3rd period

3. Penguins , Steven Stamkos 45 (Nikita Kucherov 40) at 0:06
4. Panthers , Travis Zajac 20 (Erik Gudbranson 21, David Booth 13) at 3:48 (PP)
5. Panthers , Drew Stafford 18 (Jakob Silfverberg 29) at 6:45
6. Penguins , Daniel Carcillo 12 (Andrew Cogliano 40, Gilbert Brule 32) at 9:22
7. Panthers , Matt Duchene 17 (Alex Galchenyuk 34, Max Reinhart 16) at 10:57
8. Panthers , Travis Zajac 21 (Viktor Arvidsson 11) at 13:29

Penalties :
Jake McCabe (Pit) for Tripping (Minor) at 3:36, Andrew Cogliano (Pit) for Tripping (Minor) at 6:54, Alex Goligoski (Flo) for Hooking (Minor) at 13:37

Overtime #1

No Goal

Penalties :
No Penalty

Shootout

Panthers, Jakob Silfverberg - Goal!
Penguins, Nikita Kucherov - Stopped by Petr Mrazek
Panthers, Viktor Arvidsson - Goal!
Penguins, Steven Stamkos - Stopped by Petr Mrazek

Penalties :
No Penalty

Goalie Stats

Brian Elliott (Flo), 15 saves from 19 shots - (0.789), 49:22 minutes
Petr Mrazek (Flo), 6 saves from 6 shots - (1.000), W, 21-18-2, 15:38 minutes
Sergei Bobrovsky (Pit), 24 saves from 28 shots - (0.857), OTL, 2-4-1, 65:00 minutes

Players Stats for Panthers

Player Name              G  A  P  +/- PIM S  H  SB GA TA FO     MP     PP MP  PK MP  
------------------------------------------------------------------------------------
Alex Galchenyuk          0  1  1  -1  0   4  2  0  0  1  2/3    24:09   6:23   1:31 
Alex Goligoski           0  0  0   0  2   2  0  2  0  0  0/0    22:59   5:10   2:42 
Chad Larose              0  0  0   0  0   0  2  0  0  0  0/0    13:18   0:03   2:42 
David Booth              0  1  1   1  2   0  3  1  0  0  0/0    15:51   5:40   0:00 
Drew Stafford            1  0  1   0  2   2  1  1  1  0  0/0    13:19   0:03   4:16 
Erik Gudbranson          0  1  1  -1  0   0  3  1  0  0  0/0    30:47   6:34   4:32 
Jakob Silfverberg        0  1  1  -1  0   4  2  1  0  1  0/0    22:01   6:23   0:00 
Jonathan Sigalet         0  0  0   1  0   2  0  0  0  0  0/0    11:33   0:00   0:50 
Kyle Wellwood            0  0  0   0  2   1  3  0  1  1  1/5     6:15   0:00   0:00 
Matt Duchene             1  0  1  -1  0   5  1  0  0  0  16/27  24:06   6:23   1:03 
Max Reinhart             0  1  1   0  0   0  1  2  0  1  3/9    14:32   0:03   4:27 
Michael Raffl            0  0  0   0  0   0  0  1  0  0  0/0     6:14   0:00   0:00 
Radko Gudas              0  0  0   1  0   3  0  1  2  0  0/0    16:04   0:22   3:32 
Raphael Diaz             0  0  0  -1  0   0  1  2  1  0  0/0    18:47   6:56   0:00 
Taylor Chorney           0  0  0   0  0   1  1  3  1  1  0/0    29:53   5:10   4:32 
Tomas Kopecky            0  0  0   0  2   0  0  1  0  0  0/0     6:29   0:00   0:00 
Travis Zajac             2  0  2   1  0   4  3  0  0  0  8/14   18:26   5:40   2:09 
Viktor Arvidsson         0  1  1   1  0   0  0  0  0  0  0/2    17:08   5:40   0:00 

Players Stats for Penguins

Player Name              G  A  P  +/- PIM S  H  SB GA TA FO     MP     PP MP  PK MP  
------------------------------------------------------------------------------------
Andrew Cogliano          0  2  2   1  4   0  0  1  0  0  0/1    21:57   4:33   2:16 
Cal Clutterbuck          0  0  0   0  0   2  1  0  0  0  1/1    10:09   0:00   3:40 
Daniel Carcillo          1  0  1   1  4   1  0  1  0  0  0/0    14:16   0:01   4:38 
Danny DeKeiser           0  0  0  -1  0   1  1  1  0  0  0/0    18:48   1:30   5:50 
Gilbert Brule            1  1  2   0  0   3  3  0  1  1  4/8    17:33   3:30   1:39 
Jake McCabe              0  0  0  -1  2   1  3  5  0  1  0/0    27:17   4:53   4:25 
Jeff Schultz             0  0  0   2  2   0  0  7  0  1  0/0    20:28   2:10   5:05 
Jeff Skinner             0  1  1  -1  0   3  2  0  1  0  0/0    15:25   3:30   0:00 
Joe Colborne             0  0  0   0  0   0  1  0  0  1  3/4    10:20   0:00   3:40 
Keith Aulie              0  0  0   1  0   0  6  2  1  1  0/0    25:30   4:54   0:19 
Marcus Foligno           0  0  0   0  2   2  1  1  0  0  0/0    12:08   0:00   1:32 
Marian Hossa             0  0  0   0  0   0  0  0  0  0  0/0     8:56   0:01   0:00 
Mark Stone               0  0  0  -1  0   0  3  0  0  0  0/0    13:55   3:30   0:00 
Nikita Kucherov          1  1  2   0  0   2  2  1  2  1  0/0    19:46   4:33   0:00 
Sean Monahan             0  0  0   0  0   2  0  0  0  0  0/2     7:36   0:00   0:00 
Sean Zimmerman           0  0  0  -1  0   2  1  1  0  0  0/0    28:27   1:40   6:32 
Shea Weber               0  1  1   0  0   2  1  0  0  0  0/0     7:42   1:01   2:01 
Steven Stamkos           1  1  2   0  0   4  0  1  0  0  22/44  27:34   4:34   6:47 

3 Stars

1 - Travis Zajac (Flo)
2 - Gilbert Brule (Pit)
3 - Nikita Kucherov (Pit)

Power Play

Panthers - 1 on 7 Attempt(s) - 14.29%
Penguins - 1 on 5 Attempt(s) - 20.00%

Penalty Kill

Panthers - 4 on 5 Attempt(s) - 80.00% - Score 0 goal in Penalty Kill
Penguins - 6 on 7 Attempt(s) - 85.71% - Score 0 goal in Penalty Kill

Team Stat

Panthers - Hits : 23 - Faceoff Wins : 30 - Blocked Shots : 16 - Penalty Minutes : 10
Penguins - Hits : 25 - Faceoff Wins : 30 - Blocked Shots : 21 - Penalty Minutes : 14

Official

Referees : Unknown
Linesman : Unknown

Game Notes

Shea Weber is injured at 0:07 of 2nd period (Left Ankle)
Petr Mrazek enters game at 9:22 of 3rd period

Finance

Level 1 -- Attendance: 4912 (81.87%) -- Ticket Income $589,440
Level 2 -- Attendance: 3554 (71.08%) -- Ticket Income $248,780
Level 3 -- Attendance: 1689 (84.45%) -- Ticket Income $76,005
Level 4 -- Attendance: 2846 (71.15%) -- Ticket Income $99,610
Luxury Box -- Attendance: 748 (74.80%) -- Ticket Income $149,600
Game was played at the Igloo.
Total Attendance: 13749 (76.38%)
Total Ticket Income: $1,163,435
Other Income: $174,515
Total Income: $1,337,950

Panthers

5 vs 5 Forward 
   Center                   Left Wing                Right Wing               Time % Phy DF OF 
 1 Matt Duchene             Alex Galchenyuk          Jakob Silfverberg        40     0   2  3  
 2 Travis Zajac             David Booth              Viktor Arvidsson         30     0   2  3  
 3 Max Reinhart             Chad Larose              Drew Stafford            20     0   3  2  
 4 Kyle Wellwood            Michael Raffl            Tomas Kopecky            10     1   2  2  

5 vs 5 Defense 
   Defense                  Defense                                           Time % Phy DF OF 
 1 Erik Gudbranson          Taylor Chorney                                    40     0   2  3  
 2 Alex Goligoski           Raphael Diaz                                      30     0   2  3  
 3 Radko Gudas              Jonathan Sigalet                                  20     1   2  2  
 4 Erik Gudbranson          Taylor Chorney                                    10     0   2  3  

PowerPlay Forward 
   Center                   Left Wing                Right Wing               Time % Phy DF OF 
 1 Matt Duchene             Alex Galchenyuk          Jakob Silfverberg        60     0   1  4  
 2 Travis Zajac             David Booth              Viktor Arvidsson         40     0   1  4  

PowerPlay Defense
   Defense                  Defense                                           Time % Phy DF OF 
 1 Erik Gudbranson          Raphael Diaz                                      60     0   2  3  
 2 Alex Goligoski           Taylor Chorney                                    40     0   2  3  

Penalty Kill 4 Players Forward 
   Center                   Wing                     Time % Phy DF OF 
 1 Max Reinhart             Drew Stafford            60     1   3  1  
 2 Travis Zajac             Chad Larose              40     1   3  1  

Penalty Kill 4 Players Defense
   Defense                  Defense                  Time % Phy DF OF 
 1 Erik Gudbranson          Taylor Chorney           60     1   3  1  
 2 Alex Goligoski           Radko Gudas              40     1   3  1  

Penalty Kill - 3 Players Forward 
   Forward                                           Time % Phy DF OF 
 1 Drew Stafford                                     60     1   3  1  
 2 Max Reinhart                                      40     1   3  1  

Penalty Kill - 3 Players Defense
   Defense                  Defense                  Time % Phy DF OF 
 1 Erik Gudbranson          Taylor Chorney           60     0   4  1  
 2 Alex Goligoski           Radko Gudas              40     0   4  1  

4 vs 4 Forward 
   Center                   Wing                     Time % Phy DF OF 
 1 Matt Duchene             Jakob Silfverberg        60     0   2  3  
 2 Travis Zajac             Alex Galchenyuk          40     0   2  3  

4 vs 4 Defense
   Defense                  Defense                  Time % Phy DF OF 
 1 Erik Gudbranson          Taylor Chorney           60     0   2  3  
 2 Alex Goligoski           Radko Gudas              40     0   2  3  

Last Minutes Offensive
   Center                   Left Wing                Right Wing               Defense                  Defense                  
   Matt Duchene             Alex Galchenyuk          Jakob Silfverberg        Erik Gudbranson          Alex Goligoski           

Last Minutes Defensive
   Center                   Left Wing                Right Wing               Defense                  Defense                  
   Max Reinhart             David Booth              Drew Stafford            Erik Gudbranson          Taylor Chorney           

Goaltenders
Starting : Brian Elliott            
Backup : Petr Mrazek              

Extra Forwards
Normal : Viktor Arvidsson, Alex Galchenyuk, Matt Duchene - PP : David Booth, Alex Galchenyuk - PK : Chad Larose
Extra Defensemen
Normal : Radko Gudas, Erik Gudbranson, Alex Goligoski - PP : Radko Gudas - PK : Alex Goligoski, Erik Gudbranson
Penalty Shots
Jakob Silfverberg, Viktor Arvidsson, Alex Galchenyuk, David Booth, Matt Duchene

Scratches
Stefan Ruzicka (Healthy), Steve Montador (Healthy), Matt Irwin (Healthy)

Penguins

5 vs 5 Forward 
   Center                   Left Wing                Right Wing               Time % Phy DF OF 
 1 Steven Stamkos           Andrew Cogliano          Nikita Kucherov          40     0   2  3  
 2 Gilbert Brule            Jeff Skinner             Mark Stone               30     0   2  3  
 3 Joe Colborne             Daniel Carcillo          Cal Clutterbuck          20     0   2  3  
 4 Sean Monahan             Marcus Foligno           Marian Hossa             10     0   2  3  

5 vs 5 Defense 
   Defense                  Defense                                           Time % Phy DF OF 
 1 Sean Zimmerman           Shea Weber                                        40     1   2  2  
 2 Jeff Schultz             Keith Aulie                                       30     1   2  2  
 3 Danny DeKeiser           Jake McCabe                                       20     1   2  2  
 4 Sean Zimmerman           Shea Weber                                        10     1   2  2  

PowerPlay Forward 
   Center                   Left Wing                Right Wing               Time % Phy DF OF 
 1 Steven Stamkos           Andrew Cogliano          Nikita Kucherov          60     0   1  4  
 2 Gilbert Brule            Jeff Skinner             Mark Stone               40     0   1  4  

PowerPlay Defense
   Defense                  Defense                                           Time % Phy DF OF 
 1 Shea Weber               Keith Aulie                                       60     0   2  3  
 2 Jake McCabe              Sean Zimmerman                                    40     0   2  3  

Penalty Kill 4 Players Forward 
   Center                   Wing                     Time % Phy DF OF 
 1 Steven Stamkos           Daniel Carcillo          60     1   3  1  
 2 Joe Colborne             Cal Clutterbuck          40     1   3  1  

Penalty Kill 4 Players Defense
   Defense                  Defense                  Time % Phy DF OF 
 1 Sean Zimmerman           Jeff Schultz             60     1   3  1  
 2 Danny DeKeiser           Shea Weber               40     1   3  1  

Penalty Kill - 3 Players Forward 
   Forward                                           Time % Phy DF OF 
 1 Daniel Carcillo                                   60     1   3  1  
 2 Cal Clutterbuck                                   40     1   3  1  

Penalty Kill - 3 Players Defense
   Defense                  Defense                  Time % Phy DF OF 
 1 Sean Zimmerman           Jeff Schultz             60     1   3  1  
 2 Danny DeKeiser           Shea Weber               40     1   3  1  

4 vs 4 Forward 
   Center                   Wing                     Time % Phy DF OF 
 1 Steven Stamkos           Nikita Kucherov          60     0   2  3  
 2 Gilbert Brule            Andrew Cogliano          40     0   2  3  

4 vs 4 Defense
   Defense                  Defense                  Time % Phy DF OF 
 1 Sean Zimmerman           Shea Weber               60     1   2  2  
 2 Jeff Schultz             Keith Aulie              40     1   2  2  

Last Minutes Offensive
   Center                   Left Wing                Right Wing               Defense                  Defense                  
   Steven Stamkos           Andrew Cogliano          Nikita Kucherov          Keith Aulie              Shea Weber               

Last Minutes Defensive
   Center                   Left Wing                Right Wing               Defense                  Defense                  
   Steven Stamkos           Daniel Carcillo          Cal Clutterbuck          Sean Zimmerman           Jeff Schultz             

Goaltenders
Starting : Sergei Bobrovsky         
Backup : Michal Neuvirth          

Extra Forwards
Normal : Steven Stamkos, Jeff Skinner, Marcus Foligno - PP : Steven Stamkos, Andrew Cogliano - PK : Daniel Carcillo
Extra Defensemen
Normal : Shea Weber, Keith Aulie, Jake McCabe - PP : Shea Weber - PK : Sean Zimmerman, Jeff Schultz
Penalty Shots
Nikita Kucherov, Steven Stamkos, Andrew Cogliano, Gilbert Brule, Jeff Skinner

Scratches
Andreas Martinsen (Healthy), Alexei Marchenko (Healthy)

% Time on Ice - Panthers

Lines # - Real PCT - Wanted PCT - Time Play
Normal Forward
1 - 39% - 40% - 15:35
2 - 25% - 30% - 10:04
3 - 20% - 20% - 7:57
4 - 16% - 10% - 6:14
Normal Defense
1 - 43% - 40% - 17:15
2 - 32% - 30% - 12:36
3 - 25% - 20% - 9:49
4 - 0% - 10% - 0:10
PP Forward
1 - 53% - 60% - 6:26
2 - 47% - 40% - 5:40
PP Defense
1 - 57% - 60% - 6:56
2 - 43% - 40% - 5:10
PK Forward
1 - 73% - 60% - 5:55
2 - 27% - 40% - 2:09
PK Defense
1 - 56% - 60% - 4:32
2 - 44% - 40% - 3:32
PK3 Forward
1 - 0% - 60%
2 - 0% - 40%
PK3 Defense
1 - 0% - 60%
2 - 0% - 40%
44 Forward
1 - 88% - 60% - 4:24
2 - 12% - 40% - 0:36
44 Defense
1 - 60% - 60% - 3:00
2 - 40% - 40% - 2:00
Last Minute Offensive  - 0:00
Last Minute Defensive  - 0:00
Total
Forward - 65:00
Defense - 65:00

% Time on Ice - Penguins

Lines # - Real PCT - Wanted PCT - Time Play
Normal Forward
1 - 37% - 40% - 14:44
2 - 28% - 30% - 11:01
3 - 16% - 20% - 6:29
4 - 19% - 10% - 7:36
Normal Defense
1 - 48% - 40% - 19:00
2 - 28% - 30% - 11:04
3 - 19% - 20% - 7:41
4 - 5% - 10% - 2:05
PP Forward
1 - 57% - 60% - 4:34
2 - 43% - 40% - 3:30
PP Defense
1 - 79% - 60% - 6:24
2 - 21% - 40% - 1:40
PK Forward
1 - 70% - 60% - 8:26
2 - 30% - 40% - 3:40
PK Defense
1 - 55% - 60% - 6:36
2 - 45% - 40% - 5:30
PK3 Forward
1 - 0% - 60%
2 - 0% - 40%
PK3 Defense
1 - 0% - 60%
2 - 0% - 40%
44 Forward
1 - 88% - 60% - 4:24
2 - 12% - 40% - 0:36
44 Defense
1 - 79% - 60% - 3:58
2 - 21% - 40% - 1:02
Last Minute Offensive  - 0:00
Last Minute Defensive  - 0:00
Total
Forward - 65:00
Defense - 65:00

Play-by-Play

1st period


0:01 of 1st period - Matt Duchene wins face-off versus Steven Stamkos in neutral zone.
0:55 of 1st period - Minor Penalty to Daniel Carcillo for Hooking.
0:56 of 1st period - Matt Duchene wins face-off versus Steven Stamkos in Penguins zone.
1:02 of 1st period - Wrist shot by Jakob Silfverberg.
1:02 of 1st period - Shot Misses the Net.
1:08 of 1st period - Slapshot by Alex Galchenyuk.
1:08 of 1st period - Shot Blocked by Jeff Schultz.
1:30 of 1st period - Jeff Schultz is hit by David Booth and loses puck.
2:21 of 1st period - Steven Stamkos is hit by Erik Gudbranson.
2:55 of 1st period - Penalty to Daniel Carcillo is over, Daniel Carcillo is back on ice.
3:10 of 1st period - Max Reinhart is hit by Mark Stone and loses puck.
3:31 of 1st period - Snap shot by Kyle Wellwood.
3:31 of 1st period - Shot Blocked by Marcus Foligno.
5:22 of 1st period - Keith Aulie is hit by Kyle Wellwood and loses puck.
5:29 of 1st period - Snap shot by Kyle Wellwood.
5:29 of 1st period - Shot Blocked by Jake McCabe.
5:50 of 1st period - Daniel Carcillo is hit by David Booth and loses puck.
6:18 of 1st period - Steven Stamkos is hit by Erik Gudbranson and loses puck.
6:39 of 1st period - Drew Stafford is hit by Gilbert Brule and loses puck.
6:52 of 1st period - Jeff Schultz is hit by Travis Zajac and loses puck.
7:03 of 1st period - Sean Monahan is hit by Travis Zajac and loses puck.
7:18 of 1st period - Snap shot by Joe Colborne.
7:18 of 1st period - Shot Misses the Net.
7:20 of 1st period - Wrist shot by Joe Colborne.
7:20 of 1st period - Deflect By Cal Clutterbuck.
7:20 of 1st period - Stopped by Brian Elliott with a rebound.
7:25 of 1st period - Minor Penalty to Tomas Kopecky for Holding.
7:26 of 1st period - Steven Stamkos wins face-off versus Max Reinhart in Panthers zone.
7:40 of 1st period - Snap shot by Steven Stamkos.
7:40 of 1st period - Shot Blocked by Radko Gudas.
7:42 of 1st period - Slapshot by Jake McCabe.
7:42 of 1st period - Stopped by Brian Elliott with a rebound.
7:52 of 1st period - Max Reinhart is hit by Mark Stone and loses puck.
7:59 of 1st period - Snap shot by Jeff Skinner.
7:59 of 1st period - Stopped by Brian Elliott without a rebound.
8:00 of 1st period - Steven Stamkos wins face-off versus Max Reinhart in Panthers zone.
8:13 of 1st period - Taylor Chorney is hit by Shea Weber and loses puck.
9:25 of 1st period - Penalty to Tomas Kopecky is over, Tomas Kopecky is back on ice.
9:55 of 1st period - Alex Goligoski is hit by Cal Clutterbuck and loses puck.
10:10 of 1st period - Marcus Foligno is hit by Kyle Wellwood.
10:31 of 1st period - Minor Penalty to Drew Stafford for Hooking.
10:32 of 1st period - Gilbert Brule wins face-off versus Max Reinhart in Panthers zone.
10:33 of 1st period - Wrist shot by Jeff Skinner.
10:33 of 1st period - Shot Misses the Net.
10:35 of 1st period - Slapshot by Shea Weber.
10:35 of 1st period - Shot Blocked by Max Reinhart.
10:37 of 1st period - Slapshot by Shea Weber.
10:37 of 1st period - Deflect By Erik Gudbranson.
10:37 of 1st period - Stopped by Brian Elliott with a rebound.
10:39 of 1st period - Slapshot by Gilbert Brule.
10:39 of 1st period - Goal by Gilbert Brule - Panthers : 0 - Penguins : 1.
10:40 of 1st period - Matt Duchene wins face-off versus Steven Stamkos in neutral zone.
10:57 of 1st period - Snap shot by Andrew Cogliano.
10:57 of 1st period - Shot Blocked by Jakob Silfverberg.
11:14 of 1st period - Backhand shot by Travis Zajac.
11:14 of 1st period - Stopped by Sergei Bobrovsky with a rebound.
11:29 of 1st period - Off-side.
11:30 of 1st period - Kyle Wellwood wins face-off versus Steven Stamkos in neutral zone.
11:43 of 1st period - Slapshot by Sean Zimmerman.
11:43 of 1st period - Stopped by Brian Elliott with a rebound.
11:45 of 1st period - Slapshot by Shea Weber.
11:45 of 1st period - Deflect By Steven Stamkos.
11:45 of 1st period - Shot Blocked by Alex Goligoski.
11:45 of 1st period - Puck is out of play.
11:46 of 1st period - Gilbert Brule wins face-off versus Matt Duchene in Panthers zone.
11:57 of 1st period - Wrist shot by Jakob Silfverberg.
11:57 of 1st period - Stopped by Sergei Bobrovsky without a rebound.
11:58 of 1st period - Matt Duchene wins face-off versus Steven Stamkos in Penguins zone.
12:38 of 1st period - Minor Penalty to Jeff Schultz for Hooking.
12:39 of 1st period - Steven Stamkos wins face-off versus Alex Galchenyuk in Penguins zone.
12:51 of 1st period - Wrist shot by Matt Duchene.
12:51 of 1st period - Shot Blocked by Jake McCabe.
12:53 of 1st period - Wrist shot by Alex Galchenyuk.
12:53 of 1st period - Stopped by Sergei Bobrovsky without a rebound.
12:54 of 1st period - Matt Duchene wins face-off versus Steven Stamkos in Penguins zone.
13:19 of 1st period - Viktor Arvidsson is hit by Jake McCabe and loses puck.
14:12 of 1st period - Snap shot by Cal Clutterbuck.
14:12 of 1st period - Stopped by Brian Elliott without a rebound.
14:13 of 1st period - Joe Colborne wins face-off versus Matt Duchene in Panthers zone.
14:38 of 1st period - Penalty to Jeff Schultz is over, Jeff Schultz is back on ice.
14:43 of 1st period - Icing by Jake McCabe.
14:44 of 1st period - Steven Stamkos wins face-off versus Max Reinhart in Penguins zone.
15:09 of 1st period - Alex Goligoski is hit by Jake McCabe and loses puck.
15:40 of 1st period - Slapshot by Alex Goligoski.
15:40 of 1st period - Stopped by Sergei Bobrovsky without a rebound.
15:41 of 1st period - Travis Zajac wins face-off versus Gilbert Brule in Penguins zone.
15:48 of 1st period - Wrist shot by Travis Zajac.
15:48 of 1st period - Stopped by Sergei Bobrovsky with a rebound.
16:33 of 1st period - Snap shot by Joe Colborne.
16:33 of 1st period - Shot Misses the Net.
16:35 of 1st period - Slapshot by Sean Zimmerman.
16:35 of 1st period - Stopped by Brian Elliott with a rebound.
16:49 of 1st period - Snap shot by Kyle Wellwood.
16:49 of 1st period - Stopped by Sergei Bobrovsky with a rebound.
16:56 of 1st period - Minor Penalty to Marcus Foligno for Kneeing.
16:57 of 1st period - Matt Duchene wins face-off versus Steven Stamkos in Penguins zone.
16:59 of 1st period - Snap shot by Alex Galchenyuk.
16:59 of 1st period - Stopped by Sergei Bobrovsky with a rebound.
18:56 of 1st period - Penalty to Marcus Foligno is over, Marcus Foligno is back on ice.
19:05 of 1st period - Max Reinhart is hit by Gilbert Brule.
19:31 of 1st period - Wrist shot by Sean Monahan.
19:31 of 1st period - Shot Misses the Net.
19:33 of 1st period - Slapshot by Shea Weber.
19:33 of 1st period - Stopped by Brian Elliott with a rebound.
Goals for this period are 0 for Panthers vs 1 for Penguins.
Shots for this period are 7 for Panthers vs 9 for Penguins.

2nd period


0:01 of 2nd period - Matt Duchene wins face-off versus Steven Stamkos in neutral zone.
0:06 of 2nd period - Shea Weber is hit by Taylor Chorney and loses puck.
0:07 of 2nd period - Shea Weber from Penguins is injured at 0:07 of 2nd period (Left Ankle).
0:08 of 2nd period - Steven Stamkos wins face-off versus Matt Duchene in Penguins zone.
0:14 of 2nd period - Off-side.
0:15 of 2nd period - Steven Stamkos wins face-off versus Matt Duchene in neutral zone.
0:18 of 2nd period - Snap shot by Andrew Cogliano.
0:18 of 2nd period - Shot Blocked by Taylor Chorney.
0:23 of 2nd period - Icing by Matt Duchene.
0:24 of 2nd period - Matt Duchene wins face-off versus Steven Stamkos in Panthers zone.
0:35 of 2nd period - Wrist shot by Steven Stamkos.
0:35 of 2nd period - Stopped by Brian Elliott without a rebound.
0:36 of 2nd period - Matt Duchene wins face-off versus Steven Stamkos in Panthers zone.
0:36 of 2nd period - Erik Gudbranson is hit by Sean Zimmerman and loses puck.
0:43 of 2nd period - Jakob Silfverberg is hit by Keith Aulie.
2:49 of 2nd period - Wrist shot by Drew Stafford.
2:49 of 2nd period - Shot Misses the Net.
2:51 of 2nd period - Slapshot by Raphael Diaz.
2:51 of 2nd period - Deflect By Drew Stafford.
2:51 of 2nd period - Shot Hit the Post.
2:51 of 2nd period - Puck is out of play.
2:52 of 2nd period - Matt Duchene wins face-off versus Steven Stamkos in Penguins zone.
2:53 of 2nd period - Wrist shot by Alex Galchenyuk.
2:53 of 2nd period - Stopped by Sergei Bobrovsky with a rebound.
2:55 of 2nd period - Snap shot by Matt Duchene.
2:55 of 2nd period - Shot Misses the Net.
3:15 of 2nd period - Minor Penalty to Andrew Cogliano for High sticking.
3:16 of 2nd period - Steven Stamkos wins face-off versus Matt Duchene in Penguins zone.
3:26 of 2nd period - Wrist shot by Alex Galchenyuk.
3:26 of 2nd period - Shot Misses the Net.
5:15 of 2nd period - Penalty to Andrew Cogliano is over, Andrew Cogliano is back on ice.
5:33 of 2nd period - Wrist shot by Drew Stafford.
5:33 of 2nd period - Stopped by Sergei Bobrovsky with a rebound.
5:49 of 2nd period - Snap shot by Kyle Wellwood.
5:49 of 2nd period - Deflect By Tomas Kopecky.
5:49 of 2nd period - Shot Blocked by Daniel Carcillo.
5:49 of 2nd period - Puck is out of play.
5:50 of 2nd period - Gilbert Brule wins face-off versus Kyle Wellwood in Penguins zone.
6:13 of 2nd period - Snap shot by Kyle Wellwood.
6:13 of 2nd period - Shot Misses the Net.
6:15 of 2nd period - Snap shot by Taylor Chorney.
6:15 of 2nd period - Stopped by Sergei Bobrovsky without a rebound.
6:16 of 2nd period - Matt Duchene wins face-off versus Sean Monahan in Penguins zone.
6:19 of 2nd period - Snap shot by Matt Duchene.
6:19 of 2nd period - Stopped by Sergei Bobrovsky with a rebound.
6:41 of 2nd period - Jakob Silfverberg is hit by Jeff Skinner and loses puck.
7:54 of 2nd period - Wrist shot by Jeff Schultz.
7:54 of 2nd period - Shot Blocked by Michael Raffl.
7:56 of 2nd period - Wrist shot by Mark Stone.
7:56 of 2nd period - Shot Misses the Net.
7:58 of 2nd period - Snap shot by Jeff Skinner.
7:58 of 2nd period - Stopped by Brian Elliott without a rebound.
7:59 of 2nd period - Travis Zajac wins face-off versus Gilbert Brule in Panthers zone.
8:03 of 2nd period - Off-side.
8:04 of 2nd period - Steven Stamkos wins face-off versus Viktor Arvidsson in neutral zone.
8:17 of 2nd period - Wrist shot by Andrew Cogliano.
8:17 of 2nd period - Shot Blocked by Taylor Chorney.
8:19 of 2nd period - Slapshot by Jake McCabe.
8:19 of 2nd period - Shot Misses the Net.
8:41 of 2nd period - Snap shot by Matt Duchene.
8:41 of 2nd period - Stopped by Sergei Bobrovsky with a rebound.
8:57 of 2nd period - Snap shot by Max Reinhart.
8:57 of 2nd period - Shot Misses the Net.
8:59 of 2nd period - Slapshot by Alex Goligoski.
8:59 of 2nd period - Deflect By Daniel Carcillo.
8:59 of 2nd period - Stopped by Sergei Bobrovsky without a rebound.
9:00 of 2nd period - Travis Zajac wins face-off versus Steven Stamkos in Penguins zone.
9:23 of 2nd period - Minor Penalty to David Booth for Holding.
9:24 of 2nd period - Steven Stamkos wins face-off versus Max Reinhart in Panthers zone.
9:56 of 2nd period - Snap shot by Steven Stamkos.
9:56 of 2nd period - Stopped by Brian Elliott without a rebound.
9:57 of 2nd period - Travis Zajac wins face-off versus Gilbert Brule in Panthers zone.
10:12 of 2nd period - Chad Larose is hit by Keith Aulie and loses puck.
11:23 of 2nd period - Penalty to David Booth is over, David Booth is back on ice.
11:23 of 2nd period - Snap shot by Matt Duchene.
11:23 of 2nd period - Shot Blocked by Keith Aulie.
11:43 of 2nd period - Slapshot by Marcus Foligno.
11:43 of 2nd period - Shot Misses the Net.
11:45 of 2nd period - Snap shot by Marian Hossa.
11:45 of 2nd period - Shot Misses the Net.
11:55 of 2nd period - Wrist shot by Alex Galchenyuk.
11:55 of 2nd period - Shot Blocked by Jeff Schultz.
11:57 of 2nd period - Wrist shot by Taylor Chorney.
11:57 of 2nd period - Shot Blocked by Jeff Schultz.
11:59 of 2nd period - Slapshot by Taylor Chorney.
11:59 of 2nd period - Shot Blocked by Jeff Schultz.
12:01 of 2nd period - Snap shot by Matt Duchene.
12:01 of 2nd period - Stopped by Sergei Bobrovsky without a rebound.
12:02 of 2nd period - Joe Colborne wins face-off versus Kyle Wellwood in Penguins zone.
12:04 of 2nd period - Minor Penalty to Daniel Carcillo for Hooking.
12:05 of 2nd period - Steven Stamkos wins face-off versus Travis Zajac in Penguins zone.
12:05 of 2nd period - Steven Stamkos is hit by Raphael Diaz.
14:04 of 2nd period - Penalty to Daniel Carcillo is over, Daniel Carcillo is back on ice.
14:18 of 2nd period - Jake McCabe is hit by Chad Larose.
14:19 of 2nd period - Icing by Jake McCabe.
14:20 of 2nd period - Max Reinhart wins face-off versus Steven Stamkos in Penguins zone.
14:27 of 2nd period - Wrist shot by Drew Stafford.
14:27 of 2nd period - Shot Misses the Net.
14:29 of 2nd period - Slapshot by Jonathan Sigalet.
14:29 of 2nd period - Stopped by Sergei Bobrovsky with a rebound.
14:31 of 2nd period - Slapshot by Chad Larose.
14:31 of 2nd period - Shot Misses the Net.
14:33 of 2nd period - Snap shot by Drew Stafford.
14:33 of 2nd period - Shot Blocked by Jake McCabe.
14:35 of 2nd period - Wrist shot by Max Reinhart.
14:35 of 2nd period - Shot Misses the Net.
14:45 of 2nd period - Slapshot by Danny DeKeiser.
14:45 of 2nd period - Stopped by Brian Elliott without a rebound.
14:46 of 2nd period - Gilbert Brule wins face-off versus Kyle Wellwood in Panthers zone.
14:55 of 2nd period - Snap shot by Jeff Skinner.
14:55 of 2nd period - Shot Misses the Net.
14:57 of 2nd period - Slapshot by Sean Zimmerman.
14:57 of 2nd period - Shot Blocked by Tomas Kopecky.
14:59 of 2nd period - Wrist shot by Mark Stone.
14:59 of 2nd period - Shot Misses the Net.
15:01 of 2nd period - Snap shot by Sean Zimmerman.
15:01 of 2nd period - Deflect By Gilbert Brule.
15:01 of 2nd period - Shot Misses the Net.
15:01 of 2nd period - Puck is out of play.
15:02 of 2nd period - Matt Duchene wins face-off versus Joe Colborne in Panthers zone.
15:29 of 2nd period - Erik Gudbranson is hit by Keith Aulie.
15:49 of 2nd period - Drew Stafford is hit by Keith Aulie and loses puck.
15:56 of 2nd period - Snap shot by Sean Monahan.
15:56 of 2nd period - Stopped by Brian Elliott with a rebound.
15:58 of 2nd period - Wrist shot by Marcus Foligno.
15:58 of 2nd period - Shot Blocked by Drew Stafford.
16:08 of 2nd period - Jake McCabe is hit by Kyle Wellwood and loses puck.
16:20 of 2nd period - Minor Penalty to Kyle Wellwood for Hooking.
16:21 of 2nd period - Max Reinhart wins face-off versus Steven Stamkos in Panthers zone.
16:57 of 2nd period - Snap shot by Gilbert Brule.
16:57 of 2nd period - Shot Misses the Net.
17:25 of 2nd period - Jeff Schultz is hit by Alex Galchenyuk and loses puck.
18:20 of 2nd period - Penalty to Kyle Wellwood is over, Kyle Wellwood is back on ice.
18:24 of 2nd period - Off-side.
18:25 of 2nd period - Steven Stamkos wins face-off versus Viktor Arvidsson in neutral zone.
18:33 of 2nd period - Icing by David Booth.
18:34 of 2nd period - Joe Colborne wins face-off versus Travis Zajac in Panthers zone.
19:03 of 2nd period - Snap shot by Jeff Skinner.
19:03 of 2nd period - Shot Blocked by Erik Gudbranson.
19:05 of 2nd period - Snap shot by Jeff Skinner.
19:05 of 2nd period - Stopped by Brian Elliott without a rebound.
19:06 of 2nd period - Steven Stamkos wins face-off versus Matt Duchene in Panthers zone.
19:13 of 2nd period - Snap shot by Steven Stamkos.
19:13 of 2nd period - Stopped by Brian Elliott with a rebound.
19:15 of 2nd period - Snap shot by Steven Stamkos.
19:15 of 2nd period - Shot Misses the Net.
19:17 of 2nd period - Slapshot by Nikita Kucherov.
19:17 of 2nd period - Goal by Nikita Kucherov - Panthers : 0 - Penguins : 2.
19:18 of 2nd period - Steven Stamkos wins face-off versus Matt Duchene in neutral zone.
19:32 of 2nd period - Off-side.
19:33 of 2nd period - Travis Zajac wins face-off versus Steven Stamkos in neutral zone.
19:46 of 2nd period - Snap shot by Nikita Kucherov.
19:46 of 2nd period - Shot Misses the Net.
19:48 of 2nd period - Snap shot by Sean Zimmerman.
19:48 of 2nd period - Shot Blocked by David Booth.
19:58 of 2nd period - Keith Aulie is hit by Jakob Silfverberg and loses puck.
Goals for this period are 0 for Panthers vs 1 for Penguins.
Shots for this period are 8 for Panthers vs 8 for Penguins.

3rd period


0:01 of 3rd period - Steven Stamkos wins face-off versus Matt Duchene in neutral zone.
0:06 of 3rd period - Wrist shot by Steven Stamkos.
0:06 of 3rd period - Goal by Steven Stamkos - Panthers : 0 - Penguins : 3.
0:07 of 3rd period - Matt Duchene wins face-off versus Steven Stamkos in neutral zone.
0:16 of 3rd period - Wrist shot by Alex Galchenyuk.
0:16 of 3rd period - Shot Blocked by Steven Stamkos.
0:34 of 3rd period - Jeff Schultz is hit by Travis Zajac and loses puck.
0:39 of 3rd period - Wrist shot by Travis Zajac.
0:39 of 3rd period - Shot Misses the Net.
2:42 of 3rd period - Wrist shot by Alex Galchenyuk.
2:42 of 3rd period - Shot Blocked by Jeff Schultz.
2:44 of 3rd period - Slapshot by Radko Gudas.
2:44 of 3rd period - Stopped by Sergei Bobrovsky with a rebound.
2:46 of 3rd period - Slapshot by Jonathan Sigalet.
2:46 of 3rd period - Stopped by Sergei Bobrovsky with a rebound.
2:48 of 3rd period - Backhand shot by Matt Duchene.
2:48 of 3rd period - Shot Blocked by Jeff Schultz.
3:12 of 3rd period - Wrist shot by Jakob Silfverberg.
3:12 of 3rd period - Stopped by Sergei Bobrovsky without a rebound.
3:13 of 3rd period - Steven Stamkos wins face-off versus Travis Zajac in Penguins zone.
3:24 of 3rd period - Snap shot by Travis Zajac.
3:24 of 3rd period - Shot Blocked by Jake McCabe.
3:26 of 3rd period - Slapshot by Taylor Chorney.
3:26 of 3rd period - Shot Blocked by Jake McCabe.
3:28 of 3rd period - Wrist shot by Viktor Arvidsson.
3:28 of 3rd period - Shot Misses the Net.
3:30 of 3rd period - Snap shot by Viktor Arvidsson.
3:30 of 3rd period - Shot Blocked by Andrew Cogliano.
3:36 of 3rd period - Minor Penalty to Jake McCabe for Tripping.
3:37 of 3rd period - Steven Stamkos wins face-off versus Travis Zajac in Penguins zone.
3:46 of 3rd period - Slapshot by Erik Gudbranson.
3:46 of 3rd period - Shot Blocked by Sean Zimmerman.
3:48 of 3rd period - Wrist shot by Travis Zajac.
3:48 of 3rd period - Goal by Travis Zajac - Panthers : 1 - Penguins : 3.
3:49 of 3rd period - Travis Zajac wins face-off versus Steven Stamkos in neutral zone.
4:16 of 3rd period - Max Reinhart is hit by Keith Aulie.
4:29 of 3rd period - Wrist shot by Mark Stone.
4:29 of 3rd period - Shot Blocked by Raphael Diaz.
4:47 of 3rd period - Jakob Silfverberg is hit by Joe Colborne and loses puck.
5:26 of 3rd period - Wrist shot by Tomas Kopecky.
5:26 of 3rd period - Shot Blocked by Keith Aulie.
5:28 of 3rd period - Snap shot by Michael Raffl.
5:28 of 3rd period - Shot Misses the Net.
5:30 of 3rd period - Slapshot by Radko Gudas.
5:30 of 3rd period - Stopped by Sergei Bobrovsky without a rebound.
5:31 of 3rd period - Steven Stamkos wins face-off versus Kyle Wellwood in Penguins zone.
5:53 of 3rd period - Taylor Chorney is hit by Keith Aulie and loses puck.
6:04 of 3rd period - Jeff Skinner is hit by Matt Duchene and loses puck.
6:15 of 3rd period - Wrist shot by Jakob Silfverberg.
6:15 of 3rd period - Stopped by Sergei Bobrovsky without a rebound.
6:16 of 3rd period - Cal Clutterbuck wins face-off versus Travis Zajac in Penguins zone.
6:45 of 3rd period - Wrist shot by Drew Stafford.
6:45 of 3rd period - Goal by Drew Stafford - Panthers : 2 - Penguins : 3.
6:46 of 3rd period - Alex Galchenyuk wins face-off versus Steven Stamkos in neutral zone.
6:54 of 3rd period - Minor Penalty to Andrew Cogliano for Tripping.
6:55 of 3rd period - Steven Stamkos wins face-off versus Matt Duchene in Penguins zone.
7:11 of 3rd period - Snap shot by Matt Duchene.
7:11 of 3rd period - Shot Blocked by Jeff Schultz.
8:24 of 3rd period - Danny DeKeiser is hit by David Booth and loses puck.
8:41 of 3rd period - Jakob Silfverberg is hit by Danny DeKeiser and loses puck.
8:54 of 3rd period - Penalty to Andrew Cogliano is over, Andrew Cogliano is back on ice.
9:06 of 3rd period - Wrist shot by Gilbert Brule.
9:06 of 3rd period - Shot Misses the Net.
9:08 of 3rd period - Slapshot by Jeff Schultz.
9:08 of 3rd period - Shot Misses the Net.
9:10 of 3rd period - Slapshot by Jeff Schultz.
9:10 of 3rd period - Shot Blocked by Raphael Diaz.
9:12 of 3rd period - Snap shot by Andrew Cogliano.
9:12 of 3rd period - Shot Blocked by Max Reinhart.
9:22 of 3rd period - Snap shot by Andrew Cogliano.
9:22 of 3rd period - Deflect By Daniel Carcillo.
9:22 of 3rd period - Goal by Daniel Carcillo - Panthers : 2 - Penguins : 4.
9:22 of 3rd period - Petr Mrazek enters game.
9:23 of 3rd period - Matt Duchene wins face-off versus Steven Stamkos in neutral zone.
9:40 of 3rd period - Snap shot by Nikita Kucherov.
9:40 of 3rd period - Shot Misses the Net.
9:52 of 3rd period - Snap shot by Sean Monahan.
9:52 of 3rd period - Stopped by Petr Mrazek with a rebound.
9:54 of 3rd period - Snap shot by Marcus Foligno.
9:54 of 3rd period - Stopped by Petr Mrazek without a rebound.
9:55 of 3rd period - Travis Zajac wins face-off versus Sean Monahan in Panthers zone.
10:30 of 3rd period - Danny DeKeiser is hit by Drew Stafford and loses puck.
10:57 of 3rd period - Snap shot by Matt Duchene.
10:57 of 3rd period - Goal by Matt Duchene - Panthers : 3 - Penguins : 4.
10:58 of 3rd period - Matt Duchene wins face-off versus Steven Stamkos in neutral zone.
11:03 of 3rd period - Wrist shot by Matt Duchene.
11:03 of 3rd period - Shot Misses the Net.
11:09 of 3rd period - Alex Goligoski is hit by Nikita Kucherov.
11:25 of 3rd period - Viktor Arvidsson is hit by Gilbert Brule and loses puck.
11:48 of 3rd period - Slapshot by Danny DeKeiser.
11:48 of 3rd period - Shot Misses the Net.
12:23 of 3rd period - Backhand shot by Marcus Foligno.
12:23 of 3rd period - Stopped by Petr Mrazek without a rebound.
12:24 of 3rd period - Steven Stamkos wins face-off versus Travis Zajac in Panthers zone.
12:55 of 3rd period - Wrist shot by Gilbert Brule.
12:55 of 3rd period - Stopped by Petr Mrazek without a rebound.
12:56 of 3rd period - Matt Duchene wins face-off versus Gilbert Brule in Panthers zone.
13:07 of 3rd period - Snap shot by Jakob Silfverberg.
13:07 of 3rd period - Stopped by Sergei Bobrovsky with a rebound.
13:17 of 3rd period - Snap shot by Gilbert Brule.
13:17 of 3rd period - Stopped by Petr Mrazek with a rebound.
13:19 of 3rd period - Slapshot by Gilbert Brule.
13:19 of 3rd period - Deflect By Jakob Silfverberg.
13:19 of 3rd period - Shot Blocked by Alex Goligoski.
13:19 of 3rd period - Puck is out of play.
13:20 of 3rd period - Travis Zajac wins face-off versus Steven Stamkos in Panthers zone.
13:29 of 3rd period - Wrist shot by Travis Zajac.
13:29 of 3rd period - Goal by Travis Zajac - Panthers : 4 - Penguins : 4.
13:30 of 3rd period - Alex Galchenyuk wins face-off versus Andrew Cogliano in neutral zone.
13:33 of 3rd period - Wrist shot by Raphael Diaz.
13:33 of 3rd period - Deflect By Matt Duchene.
13:33 of 3rd period - Stopped by Sergei Bobrovsky without a rebound.
13:34 of 3rd period - Steven Stamkos wins face-off versus Matt Duchene in Penguins zone.
13:34 of 3rd period - Steven Stamkos is hit by Jakob Silfverberg.
13:37 of 3rd period - Minor Penalty to Alex Goligoski for Hooking.
13:38 of 3rd period - Steven Stamkos wins face-off versus Max Reinhart in Panthers zone.
13:39 of 3rd period - Wrist shot by Nikita Kucherov.
13:39 of 3rd period - Shot Blocked by Taylor Chorney.
13:53 of 3rd period - Slapshot by Steven Stamkos.
13:53 of 3rd period - Deflect By Nikita Kucherov.
13:53 of 3rd period - Stopped by Petr Mrazek with a rebound.
13:55 of 3rd period - Wrist shot by Andrew Cogliano.
13:55 of 3rd period - Shot Misses the Net.
14:11 of 3rd period - Erik Gudbranson is hit by Mark Stone and loses puck.
15:37 of 3rd period - Penalty to Alex Goligoski is over, Alex Goligoski is back on ice.
17:02 of 3rd period - Wrist shot by Alex Goligoski.
17:02 of 3rd period - Shot Blocked by Danny DeKeiser.
17:04 of 3rd period - Wrist shot by Alex Galchenyuk.
17:04 of 3rd period - Shot Blocked by Nikita Kucherov.
17:40 of 3rd period - Jakob Silfverberg is hit by Nikita Kucherov and loses puck.
Goals for this period are 4 for Panthers vs 2 for Penguins.
Shots for this period are 11 for Panthers vs 8 for Penguins.

Overtime #1


0:01 of 1st overtime period - Steven Stamkos wins face-off versus Matt Duchene in neutral zone.
0:20 of 1st overtime period - Nikita Kucherov is hit by Erik Gudbranson.
0:42 of 1st overtime period - Radko Gudas is hit by Marcus Foligno and loses puck.
0:51 of 1st overtime period - Slapshot by Alex Galchenyuk.
0:51 of 1st overtime period - Stopped by Sergei Bobrovsky with a rebound.
0:53 of 1st overtime period - Slapshot by Radko Gudas.
0:53 of 1st overtime period - Stopped by Sergei Bobrovsky with a rebound.
1:11 of 1st overtime period - Keith Aulie is hit by Max Reinhart and loses puck.
1:39 of 1st overtime period - Erik Gudbranson is hit by Jeff Skinner and loses puck.
1:52 of 1st overtime period - Max Reinhart is hit by Jake McCabe and loses puck.
1:59 of 1st overtime period - Andrew Cogliano is hit by Chad Larose and loses puck.
4:27 of 1st overtime period - Icing by Jeff Schultz.
4:28 of 1st overtime period - Max Reinhart wins face-off versus Steven Stamkos in Penguins zone.
4:55 of 1st overtime period - Andrew Cogliano is hit by Alex Galchenyuk and loses puck.
Goals for this period are 0 for Panthers vs 0 for Penguins.
Shots for this period are 2 for Panthers vs 0 for Penguins.

ShootOut


5:00 of 1st overtime period - Round #1.
5:00 of 1st overtime period - Panthers, Jakob Silfverberg.
5:00 of 1st overtime period - Deke by Jakob Silfverberg.
5:00 of 1st overtime period - Goal by Jakob Silfverberg.
5:00 of 1st overtime period - Penguins, Nikita Kucherov.
5:00 of 1st overtime period - Backhand shot by Nikita Kucherov.
5:00 of 1st overtime period - Stopped by Petr Mrazek.
5:00 of 1st overtime period - Round #2.
5:00 of 1st overtime period - Panthers, Viktor Arvidsson.
5:00 of 1st overtime period - Snap shot by Viktor Arvidsson.
5:00 of 1st overtime period - Goal by Viktor Arvidsson.
5:00 of 1st overtime period - Penguins, Steven Stamkos.
5:00 of 1st overtime period - Wrist shot by Steven Stamkos.
5:00 of 1st overtime period - Stopped by Petr Mrazek.
5:00 of 1st overtime period - Round #3. Output by the SimonT Hockey Simulator (STHS) for Francois Prevost - Original Page W3C HTML5 Valid
Hockey Simulator - Hockey Simulation - Hockey Manager